 Dungeon Crawl Stone Soup version 0.30-a0-292-g0f741e3f8e (webtiles) character file.

Game seed: 15944592554760564948

732 chippings the Spear-Bearer (level 7, -3/54 HPs)
             Began as a Merfolk Gladiator on Oct 17, 2022.
             Was an Initiate of the Shining One.
             Constricted to death by Edmund (6 damage)
             ... on level 5 of the Dungeon.
             The game lasted 00:07:33 (3920 turns).

chippings the Spear-Bearer (Merfolk Gladiator)      Turns: 3920, Time: 00:07:34

Health: -3/54      AC:  5    Str: 21    XL:     7   Next: 73%
Magic:  6/8        EV: 15    Int:  6    God:    the Shining One [......]
Gold:   256        SH:  6    Dex: 14    Spells: 6/6 levels left

rFire   + . .      SeeInvis .    a - +0 trident
rCold   + . .      Faith    .    (no shield)
rNeg    . . .      Spirit   .    t - +0 ring mail
rPois   +          Reflect  .    A - +2 hat
rElec   .          Harm     .    c - scarf {rC+ rF+}
rCorr   .          Rampage  .    f - +0 pair of gloves
Will    +....                    (no boots)
Stlth   +.........               (no amulet)
HPRegen 1.09/turn                n - ring of poison resistance
MPRegen 0.11/turn                q - +4 ring of evasion

@: divinely shielded, grasped by roots, attractive, flying, glowing, constricted
A: (nimble swimmer 2), mertail, deformed body, strong-willed 1, regeneration 1,
strong 1
a: Renounce Religion


You were on level 5 of the Dungeon.
You worshipped the Shining One.
The Shining One was noncommittal.
You visited 1 branch of the dungeon, and saw 5 of its levels.

You collected 256 gold pieces.

Inventory:

Hand Weapons
 a - a +0 trident (weapon)
Missiles
 b - 9 poisoned darts
 d - 2 throwing nets (quivered)
 e - a javelin
Armour
 c - a scarf of resistance (worn)
 f - a +0 pair of gloves (worn)
 i - an orb of wrath
 t - a +0 ring mail (worn)
 A - a +2 hat (worn)
Jewellery
 n - a ring of poison resistance (left hand)
 q - a +4 ring of evasion (right hand)
 s - the ring "Avuroul" {Ice rElec Str+2 Dex+4}
   (You found it on level 2 of the Dungeon)

   [ring of ice]

   It enhances your ice magic.
   Str:       It affects your strength (+2).
   Dex:       It affects your dexterity (+4).
   rF:        It makes you vulnerable to fire.
   rC:        It protects you from cold.
   rElec:     It insulates you from electricity.
 w - a ring of wizardry
Scrolls
 g - 3 scrolls of teleportation
 h - 2 scrolls of immolation
 j - 2 scrolls of enchant armour
 k - 3 scrolls of identify
 m - 2 scrolls of fear {unknown}
 r - 2 scrolls of noise {unknown}
 v - 2 scrolls of amnesia {unknown}
 y - 2 scrolls of vulnerability {unknown}
 z - 2 scrolls of magic mapping {unknown}
 B - a scroll of summoning {unknown}


   Skills:
 - Level 4.0 Fighting
 + Level 8.4 Polearms
 - Level 2.0 Throwing
 + Level 7.5 Dodging
 + Level 1.8 Invocations


You had 6 spell levels left.
You didn't know any spells.
Your spell library was empty.

Dungeon Overview and Level Annotations

Branches:
Dungeon (5/15)
 Temple: D:4-7

Altars:
Dithmenos
The Shining One

Annotations:
D:5 Edmund


Innate Abilities, Weirdness & Mutations

((You are very nimble when in or above water. (Stealth+, EV+, Speed+++)))
Your lower body shifts to a powerful aquatic tail in water.
Armour fits poorly on your strangely shaped body.
You are strong-willed. (Will+)
Your natural rate of healing is unusually fast.
Your muscles are strong. (Str +4, Int/Dex -1)


Message History

You aren't carrying any items that you can evoke.
Throw: 3 throwing nets
Press: ? - help, Q - select action, (/) - cycle Shift-Dir - straight line, f/p - Edmund
Aim: Edmund, wielding a +3 dire flail of holy wrath, wearing a +0 ring mail and carrying a wand of roots (2) (heavily wounded, fast, haloed, 83% to hit)
You throw a throwing net. The throwing net hits Edmund.
Edmund is caught in the net!
Edmund is heavily wounded.
The grasping roots constrict you.
* * * LOW HITPOINT WARNING * * *
Edmund struggles against the net.
You escape the roots grasp.
Edmund struggles against the net.
Edmund zaps a wand.
The roots erupt in riotous growth!
The grasping roots grab you! The grasping roots constrict you.
* * * LOW HITPOINT WARNING * * *
Edmund struggles against the net.
Unknown command.
It was a potion of cancellation.
Your magical effects are unravelling.
You feel magically purged.
Your resistance to elements expires.
The roots grasp on you weakens, but your attempt to escape fails.
The grasping roots constrict you.
* * * LOW HITPOINT WARNING * * *
Edmund struggles against the net.
The grasping roots constrict you. The Shining One protects you from harm!
Edmund struggles against the net.
The net rips apart, and Edmund comes free!
An iguana comes into view.
The grasping roots release their grip on you.
It was a potion of flight.
You feel very buoyant.
You fly up into the air.
Edmund zaps a wand.
The roots erupt in riotous growth!
The grasping roots grab you!
The now-empty wand crumbles to dust.
The grasping roots constrict you.
It was a potion of attraction.
You feel attractive to monsters.
Edmund says, "What use are spells, anyway?"
The grasping roots constrict you.
You die...

####.#.§)).§§§.≈§.#
#...≈.#####.≈..#
#.#.≈.....#.≈..#
#.#.≈.#._.#.≈..# #
#§≈.#.....≈.##
#§≈.#####.≈.#
#.§§...§..§.#
§§§≈≈§≈≈§.#
.§l.§§)@@.#
....####### # #


You could see Edmund (fast).

Vanquished Creatures
  An ogre (D:5)
  5 scorpions
  A hound (D:5)
  2 orc priests (D:5)
  A gnoll bouda (D:5)
  2 iguanas (D:5)
  An orc wizard (D:5)
  5 gnolls (D:5)
  5 adders
  A worm (D:2)
  A dart slug (D:2)
  3 orcs (D:3)
  11 ball pythons
  8 endoplasms
  3 giant cockroaches
  10 goblins
  8 hobgoblins
  2 quokkas
  5 bats
  3 frilled lizards
  7 kobolds
  9 rats
94 creatures vanquished.

Notes
Turn   | Place    | Note
-------+----------+-------------------------------------------
     0 | D:1      | chippings the Merfolk Gladiator began the quest for the
                  | Orb.
     0 | D:1      | Reached XP level 1. HP: 16/16 MP: 1/1
   212 | D:1      | Reached XP level 2. HP: 23/23 MP: 2/2
   486 | D:1      | Reached XP level 3. HP: 29/29 MP: 3/3
   770 | D:2      | Reached skill level 5 in Polearms
   932 | D:2      | Reached XP level 4. HP: 35/35 MP: 4/4
  1262 | D:2      | Identified the ring "Avuroul" {Ice rElec Str+2 Dex+4}
  2723 | D:4      | Noticed a scorpion
  2731 | D:4      | Killed a scorpion
  2732 | D:4      | Reached skill level 6 in Polearms
  2732 | D:4      | Reached XP level 5. HP: 42/42 MP: 5/5
  2756 | D:4      | Reached skill level 5 in Dodging
  2758 | D:4      | Reached XP level 6. HP: 46/48 MP: 6/6
  2947 | D:4      | Found a glowing golden altar of the Shining One.
  2959 | D:4      | Became a worshipper of the Shining One
  3140 | D:4      | Reached skill level 7 in Polearms
  3271 | D:5      | Entered Level 5 of the Dungeon
  3461 | D:5      | Reached XP level 7. HP: 54/54 MP: 7/7
  3494 | D:5      | Reached skill level 8 in Polearms
  3752 | D:5      | Gained mutation: Your natural rate of healing is unusually
                  | fast. [potion of mutation]
  3752 | D:5      | Gained mutation: Armour fits poorly on your strangely
                  | shaped body. [potion of mutation]
  3752 | D:5      | Gained mutation: You are strong-willed. (Will+) [potion of
                  | mutation]
  3752 | D:5      | Gained mutation: Your muscles are strong. (Str +4, Int/Dex
                  | -1) [potion of mutation]
  3759 | D:5      | Reached skill level 1 in Invocations
  3826 | D:5      | Found a shadowy altar of Dithmenos.
  3901 | D:5      | Noticed Edmund
  3901 | D:5      | Reached * piety under the Shining One
  3918 | D:5      | HP: 1/54 [constriction (4)]
  3918 | D:5      | The Shining One protects you from harm!
  3920 | D:5      | Constricted to death by Edmund

Illustrated notes

Levels and vault maps discovered:
D:1:      saegor_arrival_under_anarchy, layout_basic, hex_intersection,
          nicolae_figureground_pulse
D:2:      layout_basic
D:3:      layout_basic, serial_curves, eino_curves_01, eino_curves_04,
          grunt_decor_one_mirror
D:4:      layout_loops_ring, nicolae_tso_carved_into_rock
D:5:      layout_loops_cross, mainiacjoe_overflow_brackets,
          lemuel_blue_sif_altar, minmay_temple_entry_drinking_statues,
          uniq_edmund

Skill      XL: |  1  2  3  4  5  6  7 |
---------------+----------------------+-----
Fighting       | 3 4 |  4.0
Polearms       | 5 6 7 8 |  8.4
Dodging        | 5 6 7 |  7.5
Invocations    | 1 |  1.8
Throwing       | |  2.0

Action                   |  1- 3 |  4- 6 |  7- 9 || total
-------------------------+-------+-------+-------++-------
Melee: Trident           |    81 |   170 |    75 ||   326
       Punch             |       |     1 |       ||     1
Throw: Throwing net      |       |       |     1 ||     1
Invok: Divine Shield     |       |       |     1 ||     1
  Use: Scroll            |       |     3 |       ||     3
       Potion            |       |       |     6 ||     6
 Stab: Distracted        |     1 |       |       ||     1
       Sleeping          |     2 |       |       ||     2
Armor: Leather armour    |    18 |    10 |       ||    28
       Ring mail         |       |    23 |     3 ||    26
Dodge: Dodged            |    40 |   112 |    44 ||   196
Block: Other             |       |       |     2 ||     2

Table legend: (Time is in decaauts)
 A = Elapsed time spent in this place.
 B = Non-inter-level travel time spent in this place.
 C = Inter-level travel time spent in this place.
 D = Time resting spent in this place.
 E = Time spent auto-exploring this place.
 F = Levels seen in this place.
 G = Mean time per level.
                   A        B        C        D        E       F      G
               +--------+--------+--------+--------+--------+-----+--------+
         Total |   3991 |   3888 |    103 |      0 |   2762 |   5 |  798.2 |
       Dungeon |   3991 |   3888 |    103 |      0 |   2762 |   5 |  798.2 |
               +--------+--------+--------+--------+--------+-----+--------+

Top non-repeatable levels by time:
     D:3: 1060 daAuts
     D:2: 827 daAuts
     D:1: 765 daAuts
     D:4: 691 daAuts
     D:5: 648 daAuts
